AoeStats
← Kez

Hideout

507234302Analyzed
1v1 RM · 16d ago on Sep 17, 2026· 21m 38s· 2 players
Game mode
Random Map
Map size
Tiny (2 player)
Population
200
Speed
Normal
Resources
Standard
Victory
Conquest
Starting age
Dark Age
Ending age
Imperial Age
RankedLock teamsTeams togetherTeam positionsShared explorationLock speedFull tech treeHidden civsTurbo modeCheats
Victory
Defeat
🇳🇱 Spanish · Netherlands
1319
+15
🇺🇸 Khitans · United States
1287
-15
Dawnrim
7:11 Loom
8:56 Feudal Age
10:07 Double-Bit Axe
10:07 Man-at-Arms
13:17 Arson
14:51 Domestication
16:14 Fletching
16:24 Padded Archer Armor
21:29 Castle Age
Kez
8:06 Loom
10:47 Feudal Age
15:03 Castle Age
15:47 Double-Bit Axe
21:34 Horse Collar
Connection lost

Rejoining the realm…

Still unreachable

The connection could not be restored.

Session expired

The server has moved on; the page needs a fresh start.